 Dungeon Crawl Stone Soup version 0.28.0-53-g5a82cb258f (webtiles) character file.

Game seed: 16769790671281979356

454 ZappyNine the Insei (level 7, -5/52 HPs)
             Began as a Gnoll Transmuter on May 24, 2022.
             Slain by Eustachio
             ... wielding a +2 rapier of electrocution
              (18 damage)
             ... on level 4 of the Dungeon.
             The game lasted 00:05:16 (4542 turns).

ZappyNine the Insei (Gnoll Transmuter)              Turns: 4542, Time: 00:05:17

Health: -5/52      AC:  2    Str: 11    XL:     7   Next: 5%
Magic:  13/15      EV: 22    Int: 13    God:
Gold:   130        SH:  0    Dex: 17    Spells: 11/17 levels left

rFire   . . .      SeeInvis .     - Unarmed
rCold   . . .      Faith    .   (shield currently unavailable)
rNeg    . . .      Spirit   .   (armour currently unavailable)
rPois   x          Reflect  .   (helmet currently unavailable)
rElec   .          Harm     .   (cloak currently unavailable)
rCorr   .          Rampage  .   (gloves currently unavailable)
Will    .....                   (boots currently unavailable)
Stlth   ++........              (no amulet)
HPRegen 0.17/turn               (no ring)
MPRegen 0.14/turn               (no ring)

@: spider-form
A: venomous fangs, tiny, (fangs 1), strong nose, distributed training
a: End Transformation


You were on level 4 of the Dungeon.
You were a venomous arachnid creature.
You visited 1 branch of the dungeon, and saw 4 of its levels.

You collected 130 gold pieces.

Inventory:

Armour
 a - a +0 robe (melded)
 o - a +0 pair of gloves
Scrolls
 d - 2 scrolls of holy word {unknown}
 e - 2 scrolls of amnesia {unknown}
 f - a scroll of noise {unknown}
 g - a scroll of identify {unknown}
 h - a scroll of acquirement {unknown}
 i - a scroll of teleportation {unknown}
 j - 2 scrolls of immolation {unknown}
Potions
 b - a potion of brilliance {unknown}
 c - a potion of invisibility {unknown}
 k - a potion of flight {unknown}
 l - a potion of berserk rage {unknown}
 m - a potion of mutation {unknown}
 n - 2 potions of curing {unknown}
 p - a potion of magic {unknown}


   Skills:
 + Level 3.4 Fighting
 + Level 2.2 Short Blades
 + Level 2.2 Long Blades
 + Level 2.2 Axes
 + Level 2.2 Maces & Flails
 + Level 2.2 Polearms
 + Level 2.2 Staves
 + Level 2.2 Slings
 + Level 2.2 Bows
 + Level 2.2 Crossbows
 + Level 2.2 Throwing
 + Level 2.2 Armour
 + Level 5.1 Dodging
 + Level 2.2 Stealth
 + Level 2.2 Shields
 + Level 6.9 Unarmed Combat
 + Level 5.5 Spellcasting
 + Level 1.8 Conjurations
 + Level 1.8 Hexes
 + Level 1.8 Summonings
 + Level 1.8 Necromancy
 + Level 1.8 Translocations
 + Level 4.2 Transmutations
 + Level 1.8 Fire Magic
 + Level 1.8 Ice Magic
 + Level 1.8 Air Magic
 + Level 1.8 Earth Magic
 + Level 1.8 Poison Magic
 + Level 2.5 Invocations
 + Level 2.2 Evocations


You had 11 spell levels left.
You knew the following spells:

 Your Spells              Type           Power      Damage    Failure   Level
a - Beastly Appendage     Tmut           28%        N/A       11%         1
b - Wereblood             Tmut           14%        N/A       14%         2
c - Spider Form           Tmut/Pois      11%        N/A       34%         3

Your spell library contained the following spells:

 Spells                   Type           Power      Damage    Failure   Level
 Sublimation of Blood     Necr           8%         N/A       30%         2
 Ice Form                 Ice/Tmut       11%        N/A       67%         4
 Petrify                  Tmut/Erth      11%        N/A       67%         4
 Irradiate                Conj/Tmut      5%         3d15      93%         5


Dungeon Overview and Level Annotations

Branches:
Dungeon (4/15)
 Temple: D:4-7

Altars:

Annotations:
D:3 1 transporter, ZappyNine's ghost, amateur OgBe
D:4 Eustachio


Innate Abilities, Weirdness & Mutations

You are a venomous arachnid creature.
You have poisonous fangs.
You are tiny and dextrous.
Your spellcasting is less reliable in this form.
Your armour is entirely melded.
You are incapable of wielding weapons or throwing items.
((You have very sharp teeth.))
Your uncanny sense of smell can sniff out nearby items.
Your experience applies equally to all skills.


Message History

No target in view!
No target in view!
No target in view!
No target in view!
No target in view!
Eustachio the Magnificent comes into view.
He is wielding a +2 rapier of electrocution and wearing a +1 leather armour of fire resistance.
Eustachio is nearby!
Eustachio is nearby!
Found a scroll labelled JOATTI RAESK.
Found a stone staircase leading down.
Casting: Spider Form (dangerous; 16% risk of failure)
Confirm with . or Enter, or press ? or * to list all spells.
You turn into a venomous arachnid creature.
Your +0 robe melds into your body.
Eustachio shouts!
You hear an angry hiss.
Eustachio hits you with a +2 rapier of electrocution!
You hit Eustachio but do no damage.
Eustachio gestures wildly while chanting.
You bite Eustachio!
Eustachio is poisoned.
Eustachio is lightly wounded.
You bite Eustachio!
Eustachio looks as sick as possible!
Eustachio is heavily wounded.
Eustachio hits you with a +2 rapier of electrocution.
The crimson imp blinks!
You hit Eustachio.
Eustachio looks as sick as possible!
Eustachio is severely wounded.
Eustachio misses you.
An adder comes into view.
The adder hisses angrily.
You hit Eustachio.
Eustachio is severely wounded.
Eustachio hits you with a +2 rapier of electrocution!
You barely miss Eustachio.
Eustachio is almost dead.
The shadow imp gestures at you. Pain shoots through your body!
Eustachio hits you with a +2 rapier of electrocution!
* * * LOW HITPOINT WARNING * * *
You are electrocuted!!
You die...

######......#
.....>.........#
............S?.#
#................#
+##................#
.....................#
§...)........##..@.#
≈...≈...≈...≈.#.s55#
§.............#§.5.#
..≈...§...≈........#
....§§.....§.......#
≈...≈§..§§..≈..#####
...§§..........#
..≈...≈...≈....#
.§.............#
≈...≈...≈...≈..#


You could see Eustachio (extremely poisoned), a crimson imp (summoned), an
adder, a white imp (summoned) and a shadow imp (summoned).

Vanquished Creatures
  An ice beast (D:3)
  A scorpion (D:4)
  Blork the orc (D:4)
  A water moccasin skeleton (D:4)
  An orc priest (D:3)
  A hound skeleton (D:4)
  3 gnolls (D:2)
  A howler monkey skeleton (D:4)
  4 adders
  An adder skeleton (D:4)
  A worm (D:2)
  A dart slug (D:2)
  6 orcs
  11 endoplasms
  2 goblins
  5 hobgoblins
  8 jackals
  3 ball pythons
  10 bats
  A frilled lizard (D:1)
  4 kobolds
  5 rats
  A spectral hobgoblin (D:3)
73 creatures vanquished.

Notes
Turn   | Place    | Note
-------+----------+-------------------------------------------
     0 | D:1      | ZappyNine the Gnoll Transmuter began the quest for the Orb.
     0 | D:1      | Reached XP level 1. HP: 17/17 MP: 6/6
   159 | D:1      | Reached XP level 2. HP: 13/23 MP: 5/7
   631 | D:1      | Learned a level 2 spell: Wereblood
  1053 | D:1      | Reached XP level 3. HP: 28/28 MP: 9/9
  1094 | D:1      | Reached skill level 5 in Spellcasting
  1403 | D:2      | Reached skill level 1 in Invocations
  1410 | D:2      | Reached skill level 1 in Short Blades
  1410 | D:2      | Reached skill level 1 in Long Blades
  1410 | D:2      | Reached skill level 1 in Axes
  1410 | D:2      | Reached skill level 1 in Maces & Flails
  1410 | D:2      | Reached skill level 1 in Polearms
  1410 | D:2      | Reached skill level 1 in Staves
  1410 | D:2      | Reached skill level 1 in Slings
  1410 | D:2      | Reached skill level 1 in Bows
  1410 | D:2      | Reached skill level 1 in Crossbows
  1410 | D:2      | Reached skill level 1 in Throwing
  1410 | D:2      | Reached skill level 1 in Armour
  1410 | D:2      | Reached skill level 1 in Stealth
  1410 | D:2      | Reached skill level 1 in Shields
  1410 | D:2      | Reached skill level 1 in Evocations
  1412 | D:2      | Reached XP level 4. HP: 8/34 MP: 11/11
  1751 | D:2      | Learned a level 3 spell: Spider Form
  1762 | D:2      | You fall into a shaft and drop 1 floor!
  1799 | D:3      | Found a faded altar of an unknown god.
  2257 | D:3      | Found a transporter.
  2294 | D:3      | Reached skill level 1 in Conjurations
  2294 | D:3      | Reached skill level 1 in Hexes
  2294 | D:3      | Reached skill level 1 in Summonings
  2294 | D:3      | Reached skill level 1 in Necromancy
  2294 | D:3      | Reached skill level 1 in Translocations
  2294 | D:3      | Reached skill level 1 in Fire Magic
  2294 | D:3      | Reached skill level 1 in Ice Magic
  2294 | D:3      | Reached skill level 1 in Air Magic
  2294 | D:3      | Reached skill level 1 in Earth Magic
  2294 | D:3      | Reached skill level 1 in Poison Magic
  2300 | D:3      | Reached XP level 5. HP: 19/40 MP: 4/12
  2521 | D:3      | Noticed an ice beast
  2533 | D:3      | Killed an ice beast
  2931 | D:3      | Noticed ZappyNine's ghost (amateur OgBe)
  2932 | D:3      | Noticed an ogre
  2934 | D:3      | Noticed an ogre
  2936 | D:3      | Noticed an ogre
  3368 | D:2      | Reached XP level 6. HP: 47/47 MP: 13/13
  3736 | D:4      | Reached skill level 5 in Dodging
  4192 | D:4      | Noticed Blork the orc
  4210 | D:4      | Killed Blork the orc
  4213 | D:4      | Reached XP level 7. HP: 14/52 MP: 8/15
  4529 | D:4      | Noticed Eustachio
  4542 | D:4      | Slain by Eustachio

Illustrated notes

Levels and vault maps discovered:
D:1:      dpeg_arrival_shrine, layout_loops_ring
D:2:      layout_basic, minivault_4
D:3:      layout_loops_cross, gammafunk_ghost_smash,
          dreamdust_ecumenical_altar_drowned_temple, minmay_crystal_room,
          chequers_hall_statues_wall_a, minmay_misc_feat_columns
D:4:      layout_gridville, minmay_temple_entry_butterflies,
          kennysheep_crisscross, kennysheep_boxes, uniq_sigmund, uniq_eustachio,
          uniq_blork_the_orc

Skill      XL: |  1  2  3  4  5  6 |
---------------+-------------------+-----
Spellcasting   | 5 |  5.5
Invocations    | 1 2 |  2.5
Short Blades   | 1 2 |  2.2
Long Blades    | 1 2 |  2.2
Axes           | 1 2 |  2.2
Maces & Flails | 1 2 |  2.2
Polearms       | 1 2 |  2.2
Staves         | 1 2 |  2.2
Slings         | 1 2 |  2.2
Bows           | 1 2 |  2.2
Crossbows      | 1 2 |  2.2
Throwing       | 1 2 |  2.2
Armour         | 1 2 |  2.2
Stealth        | 1 2 |  2.2
Shields        | 1 2 |  2.2
Evocations     | 1 2 |  2.2
Conjurations   | 1 |  1.8
Hexes          | 1 |  1.8
Summonings     | 1 |  1.8
Necromancy     | 1 |  1.8
Translocations | 1 |  1.8
Fire Magic     | 1 |  1.8
Ice Magic      | 1 |  1.8
Air Magic      | 1 |  1.8
Earth Magic    | 1 |  1.8
Poison Magic   | 1 |  1.8
Fighting       | 3 |  3.4
Transmutations | 4 |  4.2
Dodging        | 5 |  5.1
Unarmed Combat | |  6.9

Action                   |  1- 3 |  4- 6 |  7- 9 || total
-------------------------+-------+-------+-------++-------
Melee: Unarmed           |    80 |    98 |    21 ||   199
       Kick              |     5 |     3 |       ||     8
       Headbutt          |     6 |     2 |       ||     8
       Bite              |     8 |     9 |     1 ||    18
       Punch             |       |     1 |     1 ||     2
 Cast: Beastly Appendage |     7 |     3 |       ||    10
       Spider Form       |       |     8 |     1 ||     9
       Wereblood         |       |     1 |       ||     1
 Stab: Sleeping          |     2 |     2 |       ||     4
Armor: Robe              |    14 |     6 |     4 ||    24
       Skin              |       |     2 |       ||     2
Dodge: Dodged            |    50 |    61 |     7 ||   118
